 Dungeon Sprint DCSS version 0.29-a0-330-g52719c12eb (webtiles) character file.

Game seed: 18078420521229997788

1200000 thiscave3701365 the Sorcerer (level 15, -17/118 HPs)
             Began as a Djinni Warper on Apr 12, 2022.
             Was a Priest of Makhleb.
             Demolished by a meat berserker
             ... wielding a +9 battleaxe
              (71 damage)
             ... in the Dungeon (Sprint VIII: "Arena of Blood").
             The game lasted 00:00:28 (12 turns).

thiscave3701365 the Sorcerer (Djinni Warper)          Turns: 12, Time: 00:00:29

Health: -17/118    AC:  3    Str: 16    XL:     15   Next: 14%
Gold:   0          EV: 19    Int: 15    God:    Makhleb [***...] SH:  0 Dex: 14

rFire   + + .      SeeInvis .   i - +∞ Axe of Woe
rCold   x . .      Faith    .   (shield currently unavailable)
rNeg    . . .      Spirit   .   b - +0 leather armour
rPois   ∞          Reflect  .   (no helmet)
rElec   .          Harm     .   (no cloak)
rCorr   .          Rampage  .   (no gloves)
Will    +....      NoTele   +   (boots unavailable)
Stlth   +.........              (no amulet)
HPRegen 0.29/turn               (no ring)
MPRegen 0.00/turn               (no ring)

@: flying
A: sickness immunity, fire resistance 2, cold vulnerability 1, float, innate
caster, HP casting, extra vitality 1
a: Renounce Religion, Minor Destruction, Lesser Servant of Makhleb


You were in the Dungeon.
You worshipped Makhleb.
Makhleb was most pleased with you.
You visited 1 branch

Inventory:

Hand Weapons
 a - a +0 hand axe
 i - the +∞ Axe of Woe (weapon)
   (You found it in the Dungeon)
Missiles
 d - 7 boomerangs of dispersal (quivered)
Armour
 b - a +0 leather armour (worn)
Scrolls
 c - 2 scrolls of blinking
Potions
 e - a potion of curing
 f - a potion of heal wounds
 g - a potion of haste
 h - a potion of berserk rage


   Skills:
 + Level 14.4 Fighting
 + Level 14.6 Axes
 + Level 4.3 Throwing
 + Level 7.3 Armour
 + Level 15.4 Dodging
 + Level 23.5 Spellcasting


You had 21 spell levels left.
You knew the following spells:

 Your Spells              Type           Power      Damage    Failure   Level
a - Blink                 Tloc           100%       N/A       0%          2
b - Lesser Beckoning      Tloc           73%        N/A       0%          3
c - Gell's Gravitas       Tloc           73%        N/A       0%          3
d - Teleport Other        Tloc           73%        N/A       0%          3
e - Manifold Assault      Tloc           73%        N/A       0%          5
f - Magic Dart            Conj           100%       1d8       0%          1
g - Scorch                Fire           100%       2d10      0%          2
h - Inner Flame           Hex/Fire       73%        N/A       0%          3
i - Portal Projectile     Hex/Tloc       100%       N/A       0%          3
j - Ice Form              Ice/Tmut       73%        N/A       0%          4
k - Yara's Violent Unrav  Hex/Tmut       36%        3d15      0%          5
l - Death Channel         Necr           36%        N/A       1%          6
Your spell library was empty.

Dungeon Overview and Level Annotations

Branches:
Dungeon (1/1)

Altars:
Makhleb


Innate Abilities, Weirdness & Mutations

You are immune to sickness and miasma.
You are immune to poison.
Your flesh is very heat resistant. (rF++)
You are vulnerable to cold. (rC-)
You float through the air rather than walking.
You learn spells naturally, not from books.
Your magical power is your life essence.
You have superior vitality. (+4 MHP)


Message History

You hear a shout! x4
A bag of meat comes into view. It is wielding a +9 war axe. x2
You hear a shout!
Your Axes skill increases to level 13!
Your Dodging skill increases to level 14!
Your Spellcasting skill increases to level 22!
The bag of meat shouts! x2
You slice the bag of meat!!
You cleave the bag of meat in twain.
You kill the bag of meat!
Makhleb accepts your kill.
You can now harness Makhleb's destructive might.
You feel better.
You hit the bag of meat. You chop the bag of meat into pieces.
You kill the bag of meat!
Makhleb accepts your kill.
You hear a shout! x11
Your Fighting skill increases to level 14!
Your Axes skill increases to level 14!
Your Armour skill increases to level 7!
Your Dodging skill increases to level 15!
Your Spellcasting skill increases to level 23!
You have reached level 15!
Your experience leads to an increase in your attributes!
Increase (S)trength, (I)ntelligence, or (D)exterity?
You feel stronger. x2
The power to cast Death Channel wells up from within.
Spell assigned to 'l'.
You slice the bag of meat!!
You dissect the bag of meat like a pig carcass.
You kill the bag of meat!
Makhleb accepts your kill.
You feel better.
You slash the bag of meat!
You butcher the bag of meat messily.
You kill the bag of meat!
Makhleb accepts your kill.
You can now summon a lesser servant of Makhleb.
The bag of meat appears out of thin air!
A bag of meat comes into view. It is wielding a +9 war axe.
The bag of meat shouts!
You hear a shout! x3
The meat berserker hits you with a +9 battleaxe!!!
Ouch! That really hurt!
You die...

#... .# . #...
..# ...###...
..###.
........###......
#.. ....._o.....
...o #.....#
..... #_.<._#
......#)....#..
#.....)@O_.o.o..
......))###......
...###... ..###.
.. #.... ..#
#.o..o .#
.........
........
..........


You could see a meat berserker (berserk) and 6 bags of meat.

Vanquished Creatures
  2 ogres (D)
  6 orcs (D)
8 creatures vanquished.

Notes
Turn   | Place    | Note
-------+----------+-------------------------------------------
     0 | D        | Found the +∞ Axe of Woe
     0 | D        | thiscave3701365 the Djinni Warper began the quest for the
                  | Orb.
     0 | D        | Reached XP level 1. HP: 18/18 MP: 0/0
     1 | D        | Noticed a meat berserker
     3 | D        | Became a worshipper of Makhleb the Destroyer
     5 | D        | Killed a meat berserker
     5 | D        | Noticed a meat berserker
     6 | D        | Reached skill level 10 in Fighting
     6 | D        | Reached skill level 17 in Spellcasting
     6 | D        | Reached XP level 2. HP: 36/36 MP: 0/0
     6 | D        | Reached XP level 3. HP: 41/41 MP: 0/0
     6 | D        | Learned a level 1 spell: Magic Dart
     6 | D        | Reached XP level 4. HP: 48/48 MP: 0/0
     6 | D        | Reached XP level 5. HP: 52/52 MP: 0/0
     6 | D        | Learned a level 2 spell: Scorch
     6 | D        | Reached XP level 6. HP: 58/58 MP: 0/0
     6 | D        | Reached XP level 7. HP: 64/64 MP: 0/0
     6 | D        | Learned a level 3 spell: Inner Flame
     6 | D        | Reached XP level 8. HP: 70/70 MP: 0/0
     6 | D        | Reached XP level 9. HP: 75/75 MP: 0/0
     6 | D        | Learned a level 3 spell: Portal Projectile
     6 | D        | Reached XP level 10. HP: 81/81 MP: 0/0
     6 | D        | Reached XP level 11. HP: 86/86 MP: 0/0
     6 | D        | Learned a level 4 spell: Ice Form
     6 | D        | Reached XP level 12. HP: 93/93 MP: 0/0
     6 | D        | Noticed a bag of meat
     6 | D        | Noticed a bag of meat
     6 | D        | Noticed a bag of meat
     7 | D        | Noticed a bag of meat
     7 | D        | Noticed a bag of meat
     7 | D        | Noticed a bag of meat
     8 | D        | Noticed a meat berserker
     8 | D        | Noticed a bag of meat
     9 | D        | Killed a meat berserker
     9 | D        | Reached * piety under Makhleb
     9 | D        | Killed a bag of meat
     9 | D        | Noticed a bag of meat
     9 | D        | Noticed a bag of meat
     9 | D        | Noticed a bag of meat
    10 | D        | Reached skill level 21 in Spellcasting
    10 | D        | Reached XP level 13. HP: 10/103 MP: 0/0
    10 | D        | Learned a level 5 spell: Yara's Violent Unravelling
    10 | D        | Reached XP level 14. HP: 10/110 MP: 0/0
    10 | D        | Noticed a bag of meat
    10 | D        | Killed a bag of meat
    10 | D        | Noticed a bag of meat
    10 | D        | Noticed a bag of meat
    11 | D        | Reached skill level 22 in Spellcasting
    11 | D        | Killed a bag of meat
    11 | D        | Reached ** piety under Makhleb
    11 | D        | Killed a bag of meat
    12 | D        | Reached skill level 15 in Dodging
    12 | D        | Reached skill level 23 in Spellcasting
    12 | D        | Reached XP level 15. HP: 33/118 MP: 0/0
    12 | D        | Learned a level 6 spell: Death Channel
    12 | D        | Reached *** piety under Makhleb
    12 | D        | Demolished by a meat berserker

Illustrated notes

Levels and vault maps discovered:
D:        meatsprint

Skill      XL: |  1  2  3  4  5  6  7  8  9 10 11 12 13 14 |
---------------+-------------------------------------------+-----
Fighting       | 10 13 14 | 14.4
Axes           | 9 12 14 | 14.6
Throwing       | 3 4 |  4.3
Armour         | 4 6 7 |  7.3
Dodging        | 11 13 15 | 15.4
Spellcasting   | 17 21 23 | 23.5

Action                   |  1- 3 |  4- 6 |  7- 9 | 10-12 | 13-15 || total
-------------------------+-------+-------+-------+-------+-------++-------
Melee: Executioner's axe |     1 |       |       |     1 |     3 ||     5

Table legend: (Time is in decaauts)
 A = Elapsed time spent in this place.
 B = Non-inter-level travel time spent in this place.
 C = Inter-level travel time spent in this place.
 D = Time resting spent in this place.
 E = Time spent auto-exploring this place.
 F = Levels seen in this place.
 G = Mean time per level.
                   A        B        C        D        E       F      G
               +--------+--------+--------+--------+--------+-----+--------+
         Total |     13 |     13 |      0 |      0 |      0 |   1 |   13.0 |
       Dungeon |     13 |     13 |      0 |      0 |      0 |   1 |   13.0 |
               +--------+--------+--------+--------+--------+-----+--------+

Top non-repeatable levels by time:
       D: 13 daAuts
